 Dungeon Sprint DCSS version 0.18-a0-987-g0b0e4e7 (webtiles) character file.

7490 smeego the Black Belt (level 11, -6/74 HPs)
             Began as an Octopode Transmuter on Jan 3, 2016.
             Was the Champion of Vehumet.
             Mangled by a hornet (18 damage)
             ... in the Dungeon (Sprint V: "Ziggurat Sprint").
             The game lasted 00:09:26 (1500 turns).

smeego the Black Belt (Octopode Transmuter)         Turns: 1500, Time: 00:09:26

Health: -6/74      AC:  1    Str: 13    XL:     11   Next: 16%
Magic:  34/34      EV: 20    Int: 32    God:    Vehumet [******]
Gold:   0          SH:  0    Dex: 17    Spells: 6 memorised, 10 levels left

rFire  + + +     SeeInvis .       - Unarmed
rCold  + + +     Gourm    .     (shield currently unavailable)
rNeg   + + .     Faith    .     (helmet restricted)
rPois  +         Spirit   .     (no amulet)
rElec  .         Dismiss  .     U - ring of Boystraga {rF+++ rC+ MR+ MP+9 Stlth-}
rCorr  .         Reflect  .     V - ring "Vaudedeg" {rN+ Dex+4}
SustAt .         Harm     .     E - +6 ring of intelligence
MR     +....     NoTele   +     F - +6 ring of intelligence
Stlth  +++.......               R - ring of protection from cold
                                C - ring of poison resistance
                                J - ring of positive energy
                                O - ring "Qeqag" {rC+ Str+5 Int+2 Slay+2 Stlth+}

@: lethally poisoned (-6 -> -17), blade tentacles (expiring), very slightly
contaminated, slowed, very slow, somewhat resistant to hostile enchantments,
fairly stealthy
A: almost no armour, amphibious, 8 rings, constrict 8, camouflage 1, weak 1,
gelatinous body 1
a: End Transformation, Renounce Religion


You were in the Dungeon.
You worshipped Vehumet.
Vehumet was exalted by your worship.
You were not hungry.
You had blades for tentacles.
You visited 1 branch

Inventory:

Hand Weapons
 S - the +5 pair of quick blades "Gyre" and "Gimble" {pierce, Dex-3}
   (You found it in the Dungeon)

   It inflicts extra damage upon your enemies.
   It affects your dexterity (-3).
Missiles
 P - 21 arrows
Magical Staves
 v - an uncursed staff of energy (melded)
Jewellery
 C - a ring of poison resistance (on tentacle)
 E - a +6 ring of intelligence (on tentacle)
 F - a +6 ring of intelligence (on tentacle)
 G - a +6 ring of strength
 H - a +6 ring of strength
 J - a ring of positive energy (on tentacle)
 O - the ring "Qeqag" (on tentacle) {rC+ Str+5 Int+2 Slay+2 Stlth+}
   (You found it in the Dungeon)

   [ring of stealth]

   It affects your strength (+5).
   It affects your intelligence (+2).
   It affects your accuracy and damage with ranged weapons and melee attacks
   (+2).
   It protects you from cold.
   It makes you more stealthy.
 R - a ring of protection from cold (on tentacle)
 U - the ring of Boystraga (left scythe-like blade) {rF+++ rC+ MR+ MP+9 Stlth-}
   (You found it in the Dungeon)

   [ring of protection from magic]

   It renders you almost immune to fire.
   It protects you from cold.
   It affects your resistance to hostile enchantments.
   It affects your magic capacity (+9).
   It makes you less stealthy.
 V - the ring "Vaudedeg" (right scythe-like blade) {rN+ Dex+4}
   (You found it in the Dungeon)

   [ring of positive energy]

   It affects your dexterity (+4).
   It protects you from negative energy.
Wands
 y - a wand of disintegration (7/24)
 z - a wand of fire (5/15)
 A - a wand of cold (5/15)
 B - a wand of draining (5/15)
Scrolls
 i - 2 scrolls of blinking
 l - 4 scrolls of amnesia
 m - 3 scrolls of recharging
 n - 7 scrolls of fog
 o - a scroll of holy word
 p - 5 scrolls of identify
 q - 5 scrolls of remove curse
 r - a scroll of fear
Potions
 d - 9 potions of curing
 e - 3 potions of heal wounds
 f - 8 potions of haste
 g - 7 potions of magic
 h - 2 potions of berserk rage
 s - 2 potions of brilliance
 t - a potion of invisibility
 u - 4 potions of resistance
 w - 3 potions of agility
 x - 3 potions of might
Books
 b - a book of Changes

   Spells                             Type                      Level
   a - Beastly Appendage              Transmutation                1
   b - Sticks to Snakes               Transmutation                2
   c - Spider Form                    Transmutation/Poison         3
   d - Ice Form                       Ice/Transmutation            4
   e - Blade Hands                    Transmutation                5
 D - a book of Party Tricks

   Spells                             Type                      Level
   a - Summon Butterflies             Summoning                    1
   b - Apportation                    Translocation                1
   c - Tukima's Dance                 Hexes                        3
   d - Alistair's Intoxication        Transmutation/Poison         4
   e - Invisibility                   Hexes                        6
 I - a book of Spatial Translocations

   Spells                             Type                      Level
   a - Apportation                    Translocation                1
   b - Blink                          Translocation                2
   c - Shroud of Golubria             Charms/Translocation         2
   d - Portal Projectile              Translocation                3
   e - Teleport Other                 Translocation                3
   f - Passage of Golubria            Translocation                4
 L - a book of Battle

   Spells                             Type                      Level
   a - Infusion                       Charms                       1
   b - Shroud of Golubria             Charms/Translocation         2
   c - Song of Slaying                Charms                       2
   d - Spectral Weapon                Hexes/Charms                 3
   e - Regeneration                   Charms/Necromancy            3
 M - Sif Muna's Incunabulum of the Excruciating Mountains
   (You found it in the Dungeon)

   Spells                             Type                      Level
   a - Sandblast                      Earth                        1
   b - Stoneskin                      Transmutation/Earth          2
   c - Bolt of Magma                  Conjuration/Fire/Earth       5
   d - Lee's Rapid Deconstruction     Earth                        5
   e - Iron Shot                      Conjuration/Earth            6
 N - a book of Ice

   Spells                             Type                      Level
   a - Ice Form                       Ice/Transmutation            4
   b - Metabolic Englaciation         Hexes/Ice                    5
   c - Ozocubu's Refrigeration        Ice                          6
   d - Bolt of Cold                   Conjuration/Ice              6
   e - Freezing Cloud                 Conjuration/Ice/Air          6
   f - Simulacrum                     Ice/Necromancy               6
 Q - a book of Clouds

   Spells                             Type                      Level
   a - Mephitic Cloud                 Conjuration/Poison/Air       3
   b - Conjure Flame                  Conjuration/Fire             3
   c - Poisonous Cloud                Conjuration/Poison/Air       6
   d - Freezing Cloud                 Conjuration/Ice/Air          6
   e - Ring of Flames                 Charms/Fire                  7
 T - a book of the Earth

   Spells                             Type                      Level
   a - Leda's Liquefaction            Hexes/Earth                  4
   b - Bolt of Magma                  Conjuration/Fire/Earth       5
   c - Statue Form                    Transmutation/Earth          6
   d - Iron Shot                      Conjuration/Earth            6
   e - Shatter                        Earth                        9
Miscellaneous
 K - a piece from Xom's chessboard
Comestibles
 c - 5 bread rations
 j - 42 fruits
 k - 3 meat rations


   Skills:
 + Level 6.4 Fighting
 + Level 10.2 Dodging
 - Level 1.3 Stealth
 + Level 15.0 Unarmed Combat
 + Level 10.3 Spellcasting
 * Level 5.9 Necromancy
 * Level 13.6 Transmutations


You had 10 spell levels left.
You knew the following spells:

 Your Spells              Type           Power        Failure   Level  Hunger
a - Beastly Appendage     Trmt           ######       3%          1    None
b - Sticks to Snakes      Trmt           #######.     3%          2    None
c - Blade Hands           Trmt           #######...   12%         5    ###....
d - Ice Form              Ice/Trmt       ######..     21%         4    None
e - Searing Ray           Conj           ###...       9%          2    None
f - Simulacrum            Ice/Necr       #####.....   100%        6    #####..


Dungeon Overview and Level Annotations

Branches:
Dungeon (1/1)

Altars:
Ashenzari
Cheibriados
Dithmenos
Elyvilon
Fedhas
Gozag
Kikubaaqudgha
Makhleb
Nemelex Xobeh
Okawaru
Pakellas
Qazlal
Ru
Sif Muna
Trog
Vehumet
Xom
Yredelemnul
Zin
The Shining One
Beogh
Jiyva
Lugonu


Innate Abilities, Weirdness & Mutations

You cannot wear most types of armour.
You are amphibious.
You can wear up to eight rings at the same time.
You can use your tentacles to constrict eight enemies at once.
Your skin changes colour to match your surroundings (Stealth).
Your rubbery body absorbs attacks (AC +1).
You are weak. (Str -2)


Message History

You kill the tarantella!
Vehumet accepts your kill.
You feel your power returning. The hornet stings you!!
* * * LOW HITPOINT WARNING * * *
The trapdoor spider bites you.
* * * LOW HITPOINT WARNING * * *
Drink which item? (? for menu, Esc to quit)
You feel much better. The hornet stings you.
* * * LOW HITPOINT WARNING * * *
You feel yourself slow down. The trapdoor spider bites you.
* * * LOW HITPOINT WARNING * * *
The hornet misses you.
Unknown command.
Drink which item? (? for menu, Esc to quit)
You feel much better. The trapdoor spider misses you. The hornet stings you!
You are poisoned.
The trapdoor spider bites you!
* * * LOW HITPOINT WARNING * * *
The hornet stings you!!
You die...

▓...8©8.. ▓...8©8.
▓..)[}"[. ▓..|)..=
▓..})[=:.y▓...}[[.
▓.........▓.......
▓.........▓.......
▓.........▓.......
▓†........▓.......
▓ys..†...s▓.▓..†..
▓@▓..†..▓.▓.....†.
▓.†.......▓▓▓▓▓▓▓▓
▓▓▓▓▓▓▓▓▓▓▓


You could see a hornet and a trapdoor spider.

Vanquished Creatures
  A deep elf knight (D)
  A deep elf mage (D)
  A hornet (D)
  A shining eye (D)
  2 cyclopes (D)
  4 toenail golems (D)
  A demonic crawler (D)
  A yaktaur (D)
  A slime creature (D)
  3 air elementals (D)
  3 tarantellas (D)
  2 golden eyes (D)
  4 insubstantial wisps (D)
  6 hell hounds (D)
  An eye of draining (D)
  A wasp (D)
  A crimson imp (D)
  A jelly (D)
  A quasit (D)
  An orc priest (D)
  2 orc wizards (D)
  2 iron imps (D)
  3 shadow imps (D)
  3 white imps (D)
  2 ufetubi (D)
  2 adder skeletons (D)
  A bat skeleton (D)
  3 bat zombies (D)
  2 ball python skeletons (D)
57 creatures vanquished.

Vanquished Creatures (collateral kills)
  A centaur warrior (D)
  An orb spider (D)
  A tarantella (D)
  2 centaurs (D)
5 creatures vanquished.

Grand Total: 62 creatures vanquished

Notes
Turn   | Place    | Note
--------------------------------------------------------------
     0 | D        | smeego the Octopode Transmuter began the quest for the Orb.
     0 | D        | Reached XP level 1. HP: 13/13 MP: 3/3
     0 | D        | Found an iron altar of Okawaru.
     0 | D        | Found a burning altar of Makhleb.
     0 | D        | Found a radiant altar of Vehumet.
     0 | D        | Found a deep blue altar of Sif Muna.
     0 | D        | Found a shimmering altar of Xom.
     0 | D        | Found a bloodstained altar of Trog.
     9 | D        | Became a worshipper of Vehumet
    14 | D        | Found a corrupted altar of Lugonu.
    14 | D        | Found a roughly hewn altar of Beogh.
    14 | D        | Found a white marble altar of Elyvilon.
    14 | D        | Found a viscous altar of Jiyva.
    14 | D        | Found a sparkling altar of Nemelex Xobeh.
    29 | D        | Reached skill level 7 in Transmutations
    29 | D        | Reached XP level 2. HP: 18/18 MP: 5/5
    72 | D        | Entered arena 1.
    72 | D        | Noticed a deep elf mage
    72 | D        | Noticed a deep elf knight
    76 | D        | Noticed a fire elemental
    76 | D        | Noticed a fire elemental
    78 | D        | Killed a deep elf knight
    78 | D        | Reached skill level 5 in Dodging
    78 | D        | Reached skill level 10 in Unarmed Combat
    78 | D        | Reached skill level 5 in Spellcasting
    78 | D        | Reached XP level 3. HP: 17/25 MP: 5/10
    78 | D        | Reached XP level 4. HP: 20/30 MP: 5/11
    78 | D        | Reached XP level 5. HP: 23/35 MP: 5/13
    78 | D        | Reached XP level 6. HP: 26/41 MP: 5/14
    78 | D        | Reached XP level 7. HP: 28/45 MP: 5/15
    80 | D        | Killed a deep elf mage
    80 | D        | Reached skill level 11 in Unarmed Combat
    80 | D        | Reached XP level 8. HP: 17/51 MP: 6/18
    92 | D        | Learned a level 2 spell: Sticks to Snakes
    98 | D        | Learned a level 5 spell: Blade Hands
   103 | D        | Learned a level 4 spell: Ice Form
   398 | D        | Entered arena 2.
   404 | D        | Reached * piety under Vehumet
   404 | D        | Offered knowledge of Sandblast by Vehumet.
   517 | D        | Entered arena 3.
   520 | D        | Offered knowledge of Searing Ray by Vehumet.
   520 | D        | Reached ** piety under Vehumet
   521 | D        | Reached skill level 12 in Unarmed Combat
   522 | D        | Reached skill level 10 in Transmutations
   528 | D        | Learned a level 2 spell: Searing Ray
   533 | D        | Entered arena 4.
   533 | D        | Noticed a toenail golem
   533 | D        | Noticed a toenail golem
   533 | D        | Noticed a toenail golem
   533 | D        | Noticed a toenail golem
   538 | D        | Killed a toenail golem
   548 | D        | Killed a toenail golem
   548 | D        | Reached XP level 9. HP: 47/57 MP: 10/20
   551 | D        | Killed a toenail golem
   551 | D        | Reached skill level 13 in Unarmed Combat
   556 | D        | Killed a toenail golem
   662 | D        | Entered arena 5.
   665 | D        | Offered knowledge of Ignite Poison by Vehumet.
   665 | D        | Reached *** piety under Vehumet
   673 | D        | Reached **** piety under Vehumet
   680 | D        | Identified Sif Muna's Incunabulum of the Excruciating Mountains (You found it in the Dungeon)
   743 | D        | Entered arena 6.
   743 | D        | Noticed a shining eye
   746 | D        | Gained mutation: You are weak. (Str -2) [a shining eye]
   756 | D        | Killed a shining eye
   756 | D        | Reached skill level 14 in Unarmed Combat
   762 | D        | Reached ***** piety under Vehumet
   770 | D        | Reached skill level 1 in Stealth
   770 | D        | Reached XP level 10. HP: 35/65 MP: 9/23
   771 | D        | Reached skill level 5 in Fighting
   801 | D        | Got the ring "Qeqag" {rC+ Str+5 Int+2 Slay+2 Stlth+}
   813 | D        | Learned a level 6 spell: Simulacrum
   950 | D        | Entered arena 7.
   950 | D        | Noticed a centaur warrior
   950 | D        | Noticed a cyclops
   950 | D        | Noticed a cyclops
   959 | D        | Offered knowledge of Stone Arrow by Vehumet.
   964 | D        | Reached skill level 1 in Necromancy
   969 | D        | Killed a centaur warrior
   971 | D        | Killed a cyclops
   972 | D        | Killed a cyclops
  1154 | D        | Entered arena 8.
  1326 | D        | Entered arena 9.
  1329 | D        | Offered knowledge of Inner Flame by Vehumet.
  1329 | D        | Reached ****** piety under Vehumet
  1399 | D        | Entered arena 10.
  1406 | D        | Reached skill level 10 in Spellcasting
  1418 | D        | Got the ring of Boystraga {rF+++ rC+ MR+ MP+9 Stlth-}
  1420 | D        | Got the ring "Vaudedeg" {rN+ Dex+4}
  1465 | D        | Entered arena 11.
  1466 | D        | Noticed a hornet
  1466 | D        | Noticed a hornet
  1466 | D        | Noticed an orb spider
  1473 | D        | Offered knowledge of Venom Bolt by Vehumet.
  1473 | D        | Reached skill level 5 in Necromancy
  1488 | D        | Reached XP level 11. HP: 16/72 MP: 22/25
  1489 | D        | Killed an orb spider
  1490 | D        | Reached skill level 10 in Dodging
  1496 | D        | Killed a hornet
  1496 | D        | Reached skill level 15 in Unarmed Combat
  1498 | D        | HP: 3/74 [hornet (20)]
  1500 | D        | Mangled by a hornet

Vault maps used:
D:        sprint_v

Action                   |  1- 3 |  4- 6 |  7- 9 | 10-12 || total
-------------------------+-------+-------+-------+-------++-------
Melee: Unarmed           |     3 |       |    47 |    50 ||   100
 Cast: Beastly Appendage |     1 |       |       |       ||     1
       Blade Hands       |       |       |     2 |     3 ||     5
       Ice Form          |       |       |     2 |     3 ||     5
       Sticks to Snakes  |       |       |       |    13 ||    13
  Use: Potion            |     4 |       |     1 |    10 ||    15
       Scroll            |       |       |     1 |     2 ||     3
  Eat: Meat ration       |       |       |       |     1 ||     1
